 Dungeon Crawl Stone Soup version 0.24.0-1-gfbc8707122 (webtiles) character file.

Game seed: 11055439071511481662, levelgen mode: deterministic

854 Emblim88 the Archer (level 7, -8/63 HPs)
             Began as a Centaur Hunter on Oct 28, 2019.
             Mangled by Duvessa
             ... wielding a +0 short sword
              (11 damage)
             ... on level 5 of the Dungeon.
             The game lasted 00:06:25 (3530 turns).

Emblim88 the Archer (Centaur Hunter)                Turns: 3530, Time: 00:06:25

Health: -8/63      AC:  8    Str: 15    XL:     7   Next: 70%
Magic:  8/8        EV: 14    Int: 15    God:
Gold:   203        SH:  4    Dex: 18    Spells: 6/6 levels left

rFire    . . .     SeeInvis .   j - +3 dagger (elec)
rCold    . . .     Gourm    .   y - +0 buckler
rNeg     . . .     Faith    .   c - +0 leather armour
rPois    .         Spirit   .   (no helmet)
rElec    .         Reflect  .   t - +0 cloak
rCorr    .         Harm     .   b - +0 pair of gloves
MR       +....                  (no barding)
Stlth    ++........             e - amulet of the acrobat
HPRegen  0.20/turn              o - ring of protection from magic
MPRegen  0.11/turn              m - +2 ring of dexterity

@: brilliant, agile, very quick
A: large, hooves 3, thin metallic scales 1, blink, deformed body, speed 2, tough
skin 3
a: Blink


You were on level 5 of the Dungeon.
You were not hungry.

You visited 1 branch of the dungeon, and saw 5 of its levels.

You collected 203 gold pieces.

Inventory:

Hand Weapons
 a - a +1 shortbow
 j - a +3 dagger of electrocution (weapon)
 k - a cursed +0 spear
Missiles
 d - 4 arrows
 i - 54 stones (quivered)
Armour
 b - a +0 pair of gloves (worn)
 c - a +0 leather armour (worn)
 t - a +0 cloak (worn)
 y - a +0 buckler (worn)
Jewellery
 e - an amulet of the acrobat (around neck)
 h - an uncursed ring of attention
 m - a +2 ring of dexterity (right hand)
 o - a ring of protection from magic (left hand)
 r - an uncursed ring of stealth
Wands
 x - a wand of random effects (17)
Scrolls
 n - 3 scrolls of teleportation {unknown}
 p - a scroll of magic mapping {unknown}
 q - a scroll of fog {unknown}
 s - 2 scrolls of enchant armour {unknown}
 v - a scroll of fear {unknown}
Potions
 g - a potion of curing
 w - a potion of brilliance
Comestibles
 f - 5 rations


   Skills:
 + Level 6.2 Fighting
 + Level 9.4 Bows
 - Level 1.3 Dodging
 - Level 0.4 Stealth
 + Level 2.0 Evocations


You had 6 spell levels left.
You didn't know any spells.
Your spell library was empty.

Dungeon Overview and Level Annotations

Branches:
Dungeon (5/15)
 Temple: D:4-7

Altars:
The Shining One

Annotations:
D:3 , 2 transporters
D:5 Duvessa


Innate Abilities, Weirdness & Mutations

You have hooves in place of feet.
Armour fits poorly on your strangely shaped body.
You cover ground very quickly.
You have extremely tough skin. (AC +3)
You are partially covered in thin metallic scales. (AC +2)
You can translocate small distances at will.


Message History

You hit the orc.
You kill the orc!
The centaur closely misses you. Duvessa misses you.
The orc wizard closely misses you. The orc hits you but does no damage.
Something hits you but does no damage. The centaur hits you.
* * * LOW HITPOINT WARNING * * *
Duvessa closely misses you.
The orc wizard hits you but does no damage.
You miss the quokka. You kick the quokka.
The quokka is heavily wounded.
The centaur completely misses you. The quokka bites you.
* * * LOW HITPOINT WARNING * * *
The orc hits you with a +0 hand axe.
* * * LOW HITPOINT WARNING * * *
You block something's attack. The orc wizard misses you.
Duvessa closely misses you.
You miss the quokka. Your kick misses the quokka.
The quokka is heavily wounded.
You block the centaur's attack. Duvessa hits you with a +0 short sword!
You die...

.............##...#....
####.#.....#..##..#.#..
### #.#....##..##....#..
#..##......##...##..###.
......# ##..##..# ##
......#####...#..##...#
#....##....#..# .....
#.eo#.......# .....
#S{@).....### .._..
#.[ocr.###...## .....
..........# ###..#+.....
...........####...## #
#........#..#......## ##
........##..........###.
....#................#..
........###..........#..
#.............


You could see Duvessa (berserk), a centaur, an orc wizard, an adder, an orc and
a quokka.

Vanquished Creatures
  Prince Ribbit (D:5)
  Sigmund (D:3)
  The ghost of Mrkan the Chopper, an amateur HOMo of Yredelemnul (D:4)
  Dowan (D:5)
  A scorpion (D:4)
  2 crimson imps (D:5)
  Crazy Yiuf (D:3)
  2 orc wizards
  A worker ant (D:4)
  4 adders
  5 worms
  A dart slug (D:2)
  3 leopard geckos
  12 orcs
  10 bats
  3 giant cockroaches
  5 goblins
  5 hobgoblins
  2 jackals (D:1)
  2 quokkas
  4 frilled lizards
  9 kobolds
  7 rats
83 creatures vanquished.

Vanquished Creatures (others)
  3 plants (D:3)
3 creatures vanquished.

Grand Total: 86 creatures vanquished

Notes
Turn   | Place    | Note
-------+----------+-------------------------------------------
     0 | D:1      | Emblim88 the Centaur Hunter began the quest for the Orb.
     0 | D:1      | Reached XP level 1. HP: 17/17 MP: 1/1
   165 | D:1      | Reached XP level 2. HP: 25/25 MP: 2/2
   851 | D:2      | Reached skill level 6 in Bows
   855 | D:2      | Reached XP level 3. HP: 27/30 MP: 3/3
  1567 | D:2      | Found a glowing golden altar of the Shining One.
  1888 | D:3      | Found a runed translucent door.
  1902 | D:3      | Noticed Crazy Yiuf
  1936 | D:3      | Reached XP level 4. HP: 38/38 MP: 4/4
  1976 | D:3      | Noticed Sigmund
  1989 | D:3      | Killed Sigmund
  1989 | D:3      | Reached skill level 7 in Bows
  1989 | D:3      | Reached XP level 5. HP: 39/47 MP: 5/5
  2008 | D:3      | Reached XP level 6. HP: 53/53 MP: 6/6
  2071 | D:3      | Found a transporter.
  2073 | D:3      | Found a transporter.
  2490 | D:3      | Killed Crazy Yiuf
  2541 | D:4      | Reached skill level 8 in Bows
  2613 | D:4      | Reached skill level 5 in Fighting
  2670 | D:4      | Found a runed translucent door.
  2671 | D:4      | Noticed Mrkan's ghost (amateur HOMo)
  3120 | D:4      | Killed Mrkan's ghost
  3120 | D:4      | Reached XP level 7. HP: 31/61 MP: 7/7
  3403 | D:5      | Entered Level 5 of the Dungeon
  3445 | D:5      | Found a glowing golden altar of the Shining One.
  3473 | D:5      | Noticed Prince Ribbit
  3491 | D:5      | Killed Prince Ribbit
  3491 | D:5      | Reached skill level 9 in Bows
  3491 | D:5      | Reached skill level 1 in Evocations
  3504 | D:5      | Noticed Dowan
  3505 | D:5      | Noticed Duvessa
  3517 | D:5      | Killed Dowan
  3522 | D:5      | Gained mutation: You are partially covered in thin metallic
                  | scales. (AC +2) [potion of mutation]
  3522 | D:5      | Gained mutation: You can translocate small distances at
                  | will. [potion of mutation]
  3529 | D:5      | HP: 3/63 [orc/+0 hand axe (2)]
  3530 | D:5      | Mangled by Duvessa

Levels and vault maps discovered:
D:1:      wander_arrival_estate, layout_basic
D:2:      layout_loops_ring, tso_oasis_becter, chequers_serial_rivers_micro_c
D:3:      layout_loops_ring, gammafunk_ghost_gnarly_gnolls,
          uniq_crazy_yiuf_cottage, uniq_sigmund
D:4:      layout_rooms, ebering_ghost_reflecting_pool, first_ration,
          kennysheep_generic_room_4
D:5:      layout_cave_pools, tso_metal_star, uniq_prince_ribbit1, uniq_duvessa

Skill      XL: |  1  2  3  4  5  6  7 |
---------------+----------------------+-----
Bows           | 6 7 8 9 |  9.4
Fighting       | 3 4 5 6 |  6.2
Evocations     | 2 |  2.0
Dodging        | |  1.3
Stealth        | |  0.4

Action                   |  1- 3 |  4- 6 |  7- 9 || total
-------------------------+-------+-------+-------++-------
Melee: Dagger            |     7 |    75 |    24 ||   106
       Kick              |       |    15 |     3 ||    18
 Fire: Shortbow          |   124 |    10 |       ||   134
Throw: Stone             |    12 |       |       ||    12
Evoke: Wand              |       |       |     1 ||     1
  Use: Scroll            |     2 |       |       ||     2
       Potion            |       |     4 |     6 ||    10
 Stab: Sleeping          |       |     3 |       ||     3
       Distracted        |       |     1 |       ||     1
  Eat: Ration            |     1 |       |     1 ||     2
Armor: Leather armour    |    20 |    31 |    33 ||    84
       Skin              |       |     2 |       ||     2
Dodge: Dodged            |    17 |    39 |    46 ||   102
Block: Buckler           |       |       |    11 ||    11
